 Dungeon Crawl Stone Soup version 0.21.1-1-g345015f (webtiles) character file.

40 letownia2 the Charmwright (level 3, 17/27 HPs)
             Began as a Merfolk Skald on Mar 16, 2018.
             Quit the game in the Ecumenical Temple.
             The game lasted 00:03:02 (534 turns).

letownia2 the Charmwright (Merfolk Skald)            Turns: 534, Time: 00:03:03

Health: 17/27      AC:  4    Str: 12    XL:     3   Next: 50%
Magic:  6/6        EV: 12    Int: 12    God:
Gold:   61         SH:  0    Dex: 13    Spells: 0/6 levels left

rFire    . . .     SeeInvis .   a - +0 spear
rCold    . . .     Gourm    .   (no shield)
rNeg     . . .     Faith    .   b - +0 leather armour
rPois    .         Spirit   .   (no helmet)
rElec    .         Reflect  .   (no cloak)
rCorr    .         Harm     .   j - +0 pair of gloves
MR       .....                  (no boots)
Stlth    +.........             (no amulet)
HPRegen  0.09/turn              (no ring)
MPRegen  0.10/turn              (no ring)

@: no status effects
A: change form in water, swift swim, stealthy swim
a: no special abilities


You were in the Ecumenical Temple.
You were not hungry.

You visited 2 branches of the dungeon, and saw 5 of its levels.

You collected 61 gold pieces.

Inventory:

Hand Weapons
 a - a +0 spear (weapon)
 d - a +0 hunting sling
Missiles
 h - 46 sling bullets
Armour
 b - a +0 leather armour (worn)
 i - a +0 ring mail
 j - a +0 pair of gloves (worn)
 n - a +0 scale mail
Scrolls
 l - 2 scrolls of fear {unknown}
 m - 2 scrolls of teleportation {unknown}
 p - a scroll of noise {unknown}
Potions
 e - a potion of cancellation {unknown}
 f - 2 potions of brilliance {unknown}
 k - a potion of heal wounds {unknown}
 o - 2 potions of curing {unknown}
Books
 c - a book of Battle

   Spells                             Type                      Level
   a - Infusion                       Charms                       1
   b - Shroud of Golubria             Charms/Translocation         2
   c - Song of Slaying                Charms                       2
   d - Spectral Weapon                Hexes/Charms                 3
   e - Regeneration                   Charms/Necromancy            3
Comestibles
 g - 3 rations


   Skills:
 - Level 2.1 Fighting
 - Level 3.0 Polearms
 - Level 0.6 Armour
 - Level 2.6 Dodging
 - Level 2.0 Spellcasting
 + Level 0.6 Hexes
 - Level 4.3 Charms
 + Level 1.2 Translocations


You couldn't memorise any spells.
You knew the following spells:

 Your Spells              Type           Power        Failure   Level  Hunger
a - Infusion              Chrm           ##..         6%          1    ##.....
t - Shroud of Golubria    Chrm/Tloc      #.........   17%         2    ###....
x - Spectral Weapon       Hex/Chrm       #.......     36%         3    ####...


Dungeon Overview and Level Annotations

Branches:
Dungeon (4/15)             Temple (1/1) D:4

Altars:
Ashenzari
Dithmenos
Elyvilon
Hepliaklqana
Kikubaaqudgha
Nemelex Xobeh
Okawaru
Qazlal
Vehumet

Shops:
D:4 [


Message History

Found 10 gold pieces.
There is a staircase to the Ecumenical Temple here.
Found a scroll labeled RUSUNUVIMOET.
Found an escape hatch in the ceiling.
You now have 61 gold pieces (gained 10).
p - a scroll labeled RUSUNUVIMOET
Found 26 arrows.
There is a staircase to the Ecumenical Temple here.
You climb downwards.
Welcome to the Ecumenical Temple!
There is a staircase back to the Dungeon here.
There is a staircase back to the Dungeon here.
As you open the gate, it creaks loudly!
Found a hazy altar of Hepliaklqana and an iron altar of Okawaru.
Found a sparkling altar of Nemelex Xobeh and a shadowy altar of Dithmenos.
There is an open gate here.
Found a shattered altar of Ashenzari.
Found a radiant altar of Vehumet and an ancient bone altar of Kikubaaqudgha.
Found a stormy altar of Qazlal and a white marble altar of Elyvilon.
There is a shattered altar of Ashenzari here.
Are you sure you want to abandon this character and quit the game? (Confirm with "yes".)

≈≈≈≈≈≈≈≈..................≈≈≈≈≈≈≈
≈≈≈≈≈≈.....................≈≈≈≈≈≈
≈≈≈≈≈........P.............≈≈≈≈≈≈
≈≈≈≈.........#######....<...≈≈≈≈≈
≈≈≈≈.......###.....###........≈≈≈
≈≈.......###..._.....###.......≈≈
≈.......##........._...##.......≈
≈≈......'..._........_..#......≈≈
≈.......'.......@.⌠.....#P......≈
≈.P.....'..._........_..#...P.P≈≈
≈....P..##........._...##..P....≈
≈≈.......###..._.....###......P≈≈
≈≈≈....... ###.....### ≈≈≈≈......
####### ≈≈≈≈≈≈.♣... ≈≈≈≈≈≈. ♣..


There were no monsters in sight!

Vanquished Creatures
  An ooze (D:4)
  A dart slug (D:1)
  A leopard gecko (D:1)
  5 bats
  A giant cockroach (D:2)
  3 hobgoblins
  6 jackals (D:4)
  5 kobolds
  7 rats
30 creatures vanquished.

Notes
Turn   | Place    | Note
-------+----------+-------------------------------------------
     0 | D:1      | letownia2 the Merfolk Skald began the quest for the Orb.
     0 | D:1      | Reached XP level 1. HP: 16/16 MP: 3/3
    69 | D:1      | Reached XP level 2. HP: 12/22 MP: 3/5
    87 | D:1      | Reached skill level 4 in Charms
   148 | D:1      | Learned a level 2 spell: Shroud of Golubria
   284 | D:2      | Reached XP level 3. HP: 24/27 MP: 0/6
   289 | D:2      | Learned a level 3 spell: Spectral Weapon
   380 | D:4      | Found Xeschoapsa's Antique Armour Emporium.
   388 | D:4      | Reached skill level 1 in Translocations
   471 | D:4      | Found a staircase to the Ecumenical Temple.
   501 | Temple   | Entered the Ecumenical Temple
   534 | Temple   | Quit the game

Skill      XL: |  1  2  3 |
---------------+----------+-----
Charms         | 4 |  4.3
Translocations | 1 |  1.2
Fighting       | |  2.1
Polearms       | |  3.0
Armour         | |  0.6
Dodging        | |  2.6
Spellcasting   | |  2.0
Hexes          | |  0.6

Action                   || total
-------------------------++-------
Melee: Spear             ||   108
 Cast: Infusion          ||    11
       Shroud of Golubri ||     1
Armor: Leather armour    ||    28
Dodge: Dodged            ||    74
